 Dungeon Crawl Stone Soup version 0.24.0-13-gcf9b319 (webtiles) character file.

Game seed: 5278473985832046369, levelgen mode: deterministic

83 Fang the Skirmisher (level 4, -2/43 HPs)
             Began as a Gargoyle Berserker on Nov 26, 2019.
             Was a Believer of Trog.
             Slain by Sigmund
             ... wielding a +0 scythe
              (8 damage)
             ... on level 3 of the Dungeon.
             The game lasted 00:02:24 (2251 turns).

Fang the Skirmisher (Gargoyle Berserker)            Turns: 2251, Time: 00:02:25

Health: -2/43      AC:  5    Str: 26    XL:     4   Next: 44%
Magic:  4/4        EV: 12    Int: 13    God:    Trog [**....]
Gold:   58         SH:  0    Dex:  9    Spells: 3/3 levels left

rFire    . . .     SeeInvis .   a - +0 hand axe
rCold    . . .     Gourm    .   (no shield)
rNeg     + . .     Faith    .   b - +0 animal skin
rPois    ∞         Spirit   .   (no helmet)
rElec    +         Reflect  .   (no cloak)
rCorr    .         Harm     .   (no gloves)
MR       .....                  (no boots)
Stlth    ..........             (no amulet)
HPRegen  0.14/turn              n - +5 ring of intelligence
MPRegen  0.09/turn              (no ring)

@: berserking, very quick
A: negative energy resistance 1, electricity resistance, unbreathing,
petrification resistance, rot immunity, AC +3
a: Berserk, Trog's Hand, Renounce Religion


You were on level 3 of the Dungeon.
You worshipped Trog.
Trog was pleased with you.
You were hungry.

You visited 1 branch of the dungeon, and saw 3 of its levels.

You collected 58 gold pieces.

Inventory:

Hand Weapons
 a - a +0 hand axe (weapon)
Armour
 b - a +0 animal skin (worn)
Jewellery
 n - a +5 ring of intelligence (left hand)
Scrolls
 f - 3 scrolls of remove curse {unknown}
 g - 2 scrolls of identify {unknown}
 h - a scroll of fog {unknown}
 i - a scroll of enchant weapon {unknown}
 j - 2 scrolls of teleportation {unknown}
 k - a scroll of magic mapping {unknown}
 m - a scroll of immolation {unknown}
Potions
 d - a potion of invisibility {unknown}
 e - a potion of agility {unknown}
 o - 2 potions of curing {unknown}
Comestibles
 c - 5 rations


   Skills:
 + Level 4.0 Fighting
 + Level 3.3 Axes
 + Level 3.0 Armour
 + Level 2.3 Dodging


You had 3 spell levels left.
You didn't know any spells.
Your spell library was empty.

Dungeon Overview and Level Annotations

Branches:
Dungeon (3/15)

Altars:

Annotations:
D:3 Sigmund


Innate Abilities, Weirdness & Mutations

You are resistant to torment.
Your stone body is resilient. (AC +3)
You are immune to poison.
You resist negative energy. (rN+)
You are resistant to electric shocks. (rElec)
You can survive without breathing.
You are immune to petrification.
You are immune to rotting.


Message History

Sigmund shouts!
Sigmund casts a spell.
Sigmund flickers and vanishes!
Deactivating autopickup; reactivate with Ctrl-A.
Found 6 gold pieces.
No target in view!
No target in view!
Something hits you.
All of the chunks of flesh in your inventory have rotted away.
A rat comes into view.
A ball python comes into view.
The ball python hisses angrily.
Something hits you!
You barely miss something. Something hits you!
* * * LOW HITPOINT WARNING * * *
A red film seems to cover your vision as you go berserk!
You feel yourself moving faster!
You feel mighty!
You are feeling hungry.
You closely miss something. You barely miss the ball python.
Something hits you!
You die...

#. ## #. ..
#. .# #.# $#
#.r .# #.#S#
#{@.##.#
##..##.#
#..##.#
#..##.#
#..##.#
#..##.#
##.##.######
##.##'#....#
#..........#


You could see a ball python and a rat.

Vanquished Creatures
  3 adders (D:2)
  A worm (D:2)
  A dart slug (D:1)
  5 leopard geckos
  10 bats
  A giant cockroach (D:1)
  A goblin (D:2)
  6 hobgoblins
  2 jackals (D:2)
  3 quokkas (D:2)
  A ball python (D:1)
  A frilled lizard (D:1)
  6 kobolds
  3 rats
44 creatures vanquished.

Notes
Turn   | Place    | Note
-------+----------+-------------------------------------------
     0 | D:1      | Fang the Gargoyle Berserker began the quest for the Orb.
     0 | D:1      | Reached XP level 1. HP: 14/14 MP: 1/1
   155 | D:1      | Reached XP level 2. HP: 8/19 MP: 2/2
   843 | D:2      | Reached XP level 3. HP: 8/24 MP: 3/3
  1602 | D:2      | Reached XP level 4. HP: 18/29 MP: 4/4
  1749 | D:2      | Reached ** piety under Trog
  2025 | D:2      | Reached skill level 4 in Fighting
  2242 | D:3      | Noticed Sigmund
  2251 | D:3      | Slain by Sigmund

Levels and vault maps discovered:
D:1:      minmay_arrival_open_corners, layout_basic
D:2:      layout_basic, first_ration
D:3:      layout_basic, gammafunk_ghost_smash, uniq_grinder, uniq_natasha,
          uniq_sigmund

Skill      XL: |  1  2  3  4 |
---------------+-------------+-----
Dodging        | 2 |  2.3
Axes           | 3 |  3.3
Armour         | 3 |  3.0
Fighting       | 4 |  4.0

Action                   |  1- 3 |  4- 6 || total
-------------------------+-------+-------++-------
Melee: Hand axe          |   147 |    56 ||   203
Invok: Berserk           |     1 |     1 ||     2
 Stab: Sleeping          |     1 |       ||     1
  Eat: Chunk             |     3 |     2 ||     5
Armor: Animal skin       |    62 |    34 ||    96
Dodge: Dodged            |   104 |    48 ||   152
